 Dungeon Crawl Stone Soup version 0.21.1-1-g345015fe64 (webtiles) character file.

134 Norrik the Chopper (level 4, -11/41 HPs)
             Began as a Minotaur Monk on Apr 2, 2018.
             Mangled by a hornet (12 damage)
             ... on level 4 of the Dungeon.
             The game lasted 00:11:17 (2374 turns).

Norrik the Chopper (Minotaur Monk)                  Turns: 2374, Time: 00:11:18

Health: -11/41     AC:  3    Str: 14 (16) XL:     4   Next: 95%
Magic:  3/3        EV: 13    Int:  4 (7)  God:
Gold:   225        SH:  0    Dex: 12 (13) Spells: 3/3 levels left

rFire    . . .     SeeInvis .   e - -1 spear (curse)
rCold    . . .     Gourm    .   (no shield)
rNeg     . . .     Faith    .   b - +0 robe
rPois    .         Spirit   .   (helmet restricted)
rElec    .         Reflect  .   (no cloak)
rCorr    .         Harm     .   (no gloves)
MR       .....                  m - +0 pair of boots
Stlth    ++........             (no amulet)
HPRegen  0.13/turn              (no ring)
MPRegen  0.08/turn              (no ring)

@: slowed, very slow
A: retaliatory headbutt, horns 2
a: no special abilities


You were on level 4 of the Dungeon.
You were near starving.

You visited 1 branch of the dungeon, and saw 4 of its levels.

You collected 225 gold pieces.

Inventory:

Hand Weapons
 a - a +0 hand axe
 e - a cursed -1 spear (weapon)
Armour
 b - a +0 robe (worn)
 m - a +0 pair of boots (worn)
Jewellery
 n - an uncursed ring of wizardry {unknown}
Scrolls
 g - 2 scrolls of immolation {unknown}
 j - a scroll of random uselessness {unknown}
 l - a scroll of identify
 q - a scroll of fear {unknown}
Potions
 d - 2 potions of agility
 f - a potion of berserk rage {unknown}
 h - a potion of curing
 i - a potion of mutation {unknown}
 k - a potion of lignification {unknown}
 o - 2 potions of degeneration
Comestibles
 c - 4 rations


   Skills:
 + Level 4.5 Fighting
 * Level 5.5 Axes
 + Level 2.7 Armour
 - Level 3.2 Dodging
 - Level 1.5 Stealth


You had 3 spell levels left.
You didn't know any spells.

Dungeon Overview and Level Annotations

Branches:
Dungeon (4/15)
 Temple: D:4-7

Altars:
Nemelex Xobeh
Ru


Innate Abilities, Weirdness & Mutations

You reflexively headbutt those who attack you in melee.
You have a pair of horns on your head.


Message History

The hornet misses you. The hornet stings you.
You feel as though you will be slow longer.
The hornet barely misses you.
You are too injured to fight recklessly!
You are too injured to fight recklessly!
You are too injured to fight recklessly!
You are too injured to fight recklessly!
You are too injured to fight recklessly!
You are too injured to fight recklessly!
You are too injured to fight recklessly!
You are too injured to fight recklessly!
You are too injured to fight recklessly!
You closely miss the hornet.
You headbutt the hornet, but do no damage.
The hornet is lightly wounded.
The hornet stings you!
* * * LOW HITPOINT WARNING * * *
You feel as though you will be slow longer.
The hornet stings you!
You die...

..# ###.>.............#.#
#.#.# ..#
#...............#.####.#.#
#.............>.....##.#.#
#.#....#.##.##......##.#.##
#..........................
###..#####..##......#.##.##
#..#####..##......#.# ...
#..../.....#........# ..
##.....y@......#.#### #.
#.#####...###.#... . #...#
#.##### #...# #.# #...# #.#
#.... #.# ##.......
##......


You could see a hornet.

Vanquished Creatures
  A worker ant (D:4)
  5 adders
  An adder skeleton (D:4)
  3 worms
  A dart slug (D:2)
  3 leopard geckos
  A bat zombie (D:1)
  5 giant cockroaches
  7 hobgoblins
  5 kobolds
  2 quokkas
  A ball python (D:1)
  4 bats
  3 frilled lizards
  2 goblins
  A leopard gecko zombie (D:1)
  6 rats
51 creatures vanquished.

Notes
Turn   | Place    | Note
-------+----------+-------------------------------------------
     0 | D:1      | Norrik the Minotaur Monk began the quest for the Orb.
     0 | D:1      | Reached XP level 1. HP: 19/19 MP: 0/0
   276 | D:1      | Reached skill level 4 in Axes
   323 | D:1      | Reached XP level 2. HP: 27/27 MP: 1/1
   395 | D:1      | Reached skill level 1 in Armour
   890 | D:2      | Reached XP level 3. HP: 31/33 MP: 2/2
   998 | D:2      | Found a sparkling altar of Nemelex Xobeh.
  1514 | D:3      | Reached XP level 4. HP: 40/40 MP: 3/3
  1517 | D:3      | Reached skill level 5 in Axes
  1773 | D:3      | Found a sacrificial altar of Ru.
  2364 | D:4      | Noticed a hornet
  2374 | D:4      | HP: 1/41 [hornet (17)]
  2374 | D:4      | Mangled by a hornet

Skill      XL: |  1  2  3  4 |
---------------+-------------+-----
Axes           | 4 5 |  5.5
Armour         | 1 2 |  2.7
Fighting       | 4 |  4.5
Dodging        | |  3.2
Stealth        | |  1.5

Action                   |  1- 3 |  4- 6 || total
-------------------------+-------+-------++-------
Melee: Hand axe          |    21 |       ||    21
       Headbutt          |    15 |    13 ||    28
       Spear             |    81 |    63 ||   144
  Use: Potion            |       |     3 ||     3
       Scroll            |       |     1 ||     1
 Stab: Sleeping          |     5 |     2 ||     7
  Eat: Chunk             |     1 |     2 ||     3
Armor: Robe              |    15 |     4 ||    19
Dodge: Dodged            |    47 |    25 ||    72
